AoeStats
← Bonea

MegaRandom

507960708Analyzed
4v4 RM · 11d ago on Sep 20, 2026· 28m 25s· 8 players
Game mode
Random Map
Map size
Large (8 player)
Population
200
Speed
Normal
Resources
Standard
Victory
Conquest
Starting age
Dark Age
Ending age
Imperial Age
RankedLock teamsTeams togetherTeam positionsShared explorationLock speedFull tech treeHidden civsTurbo modeCheats
Victory
Defeat
🇨🇳 Maya · China
1264
+14
🇨🇳 Mongols · China
1263
+14
🇨🇳 Cumans · China
1236
+15
🇨🇳 Vietnamese · China
1227
+16
🇨🇳 Magyars · China
1249
-15
🇵🇱 Mongols · Poland
1233
-15
🇫🇷 Malians · France
1215
-15
🇹🇷 Franks · Türkiye
1200
-14
IlikeStone
9:06 Feudal Age
9:41 Double-Bit Axe
10:04 Loom
14:25 Wheelbarrow
23:10 Horse Collar
30:27 Castle Age
Barka
0:26 Loom
13:31 Feudal Age
18:06 Castle Age
25:52 Double-Bit Axe
uu
9:27 Loom
11:38 Feudal Age
15:51 Castle Age
15:29 Double-Bit Axe
15:24 Horse Collar
Rpt
0:58 Loom
11:07 Feudal Age
13:35 Fletching
阿酷丶
6:33 Loom
9:28 Feudal Age
21:18 Castle Age
19:19 Double-Bit Axe
20:59 Wheelbarrow
20:15 Gold Mining
20:09 Horse Collar
21:20 Wheelbarrow
20:54 Scale Barding Armor
21:29 Bloodlines
22:18 Wheelbarrow
老k
3:45 Loom
10:26 Feudal Age
12:01 Horse Collar
16:51 Fletching
17:05 Double-Bit Axe
22:45 Castle Age
23:31 Crossbowman
25:57 Bodkin Arrow
psrycc
1:01 Loom
11:17 Feudal Age
Bonea
6:10 Loom
8:30 Feudal Age
12:03 Forging
13:11 Scale Barding Armor
22:59 Castle Age
22:18 Double-Bit Axe
22:14 Horse Collar
25:34 Fletching
28:18 Bodkin Arrow
Connection lost

Rejoining the realm…

Still unreachable

The connection could not be restored.

Session expired

The server has moved on; the page needs a fresh start.